 Dungeon Crawl Stone Soup version 0.29.1-13-g9f3cf754e1 (webtiles) character file.

Game seed: 11176376796742200001

2322 Oxelix the Arsonist (level 9, 0/61 HPs)
             Began as a Demonspawn Fire Elementalist on Feb 2, 2023.
             Was an Initiate of Ashenzari.
             Slain by a wight
             ... wielding a +5 scimitar
              (18 damage)
             ... on level 7 of the Dungeon.
             The game lasted 00:15:25 (7005 turns).

Oxelix the Arsonist (Demonspawn Fire Elementalist)  Turns: 7005, Time: 00:15:26

Health: 0/61       AC: 15    Str:  9    XL:     9   Next: 19%
Magic:  9/17       EV: 12    Int: 21    God:    Ashenzari [......]
Gold:   169        SH:  0    Dex: 16    Spells: 14/19 levels left

rFire   . . .      SeeInvis .   v - +12 sling of Purpose {flame, rElec Dex+3}
rCold   . . .      Faith    .   G - orb {mayhem}
rNeg    . . .      Spirit   .   K - +2 robe {Will+}
rPois   .          Reflect  .   (helmet restricted)
rElec   +          Harm     .   I - +0 cloak "Sibylline Desperation" {Alch, Elem} (curse)
rCorr   .          Rampage  .   y - +0 pair of gloves
Will    +....                   (no boots)
Stlth   ++........              (no amulet)
HPRegen 0.20/turn               (no ring)
MPRegen 0.15/turn               (no ring)

@: sanguine armoured
A: antennae 2, sanguine armour 2
a: Renounce Religion, Shatter the Chains


You were on level 7 of the Dungeon.
You worshipped Ashenzari.
Ashenzari was noncommittal.
You visited 2 branches of the dungeon, and saw 8 of its levels.

You collected 349 gold pieces.
You spent 180 gold pieces at shops.

Inventory:

Hand Weapons
 v - the +12 sling of Purpose (weapon) {flame, rElec Dex+3}
   (You found it on level 2 of the Dungeon)

   Any ammunition fired from it burns those it strikes, dealing additional fire
   damage.
   Dex:       It affects your dexterity (+3).
   rElec:     It insulates you from electricity.
 H - the +8 whip "Xihubb" {drain, Str+3}
   (You found it on level 5 of the Dungeon)

   A truly terrible weapon, it drains the life of any living foe it strikes.
   Str:       It affects your strength (+3).
Missiles
 D - 2 silver boomerangs
Armour
 d - a +0 tower shield
 y - a +0 pair of gloves (worn)
 G - an orb of mayhem (worn)
 I - the cursed +0 cloak "Sibylline Desperation" (worn) {Alch, Elem}
   (You found it on level 5 of the Dungeon)

   It has a curse which improves the following skills: Alchemy: Poison Magic and
   Transmutations.
   Elements:  Fire Magic, Ice Magic, Air Magic and Earth Magic.
 K - a +2 robe of willpower (worn)
Magical Staves
 M - a staff of conjuration
Jewellery
 i - an amulet of guardian spirit
 q - a ring of resist corrosion
 s - an amulet of magic regeneration
 C - a +6 ring of dexterity
 F - a ring of ice
Wands
 L - a wand of digging (6)
Scrolls
 g - 2 scrolls of enchant armour
 h - a scroll of noise {unknown}
 j - 2 scrolls of fear {unknown}
 l - 3 scrolls of blinking
 n - 2 scrolls of amnesia {unknown}
 o - a scroll of enchant weapon
 u - 2 scrolls of poison {unknown}
 w - a scroll of torment {unknown}
 A - 2 scrolls of teleportation {unknown}
 B - 6 scrolls of identify {unknown}
 J - a scroll of magic mapping {unknown}
Potions
 a - a potion of berserk rage {unknown}
 b - a potion of magic
 c - a potion of attraction {unknown}
 e - 2 potions of might {unknown}
 f - 10 potions of curing
 k - a potion of lignification {unknown}
 m - a potion of mutation {unknown}
 p - a potion of resistance {unknown}
 r - a potion of invisibility {unknown}
 t - a potion of ambrosia {unknown}
 x - a potion of heal wounds {unknown}
 z - a potion of degeneration {unknown}
 E - 2 potions of brilliance {unknown}


   Skills:
 - Level 2.0 Fighting
 - Level 1.7 Dodging
 - Level 1.7 Stealth
 + Level 5.8 Spellcasting
 + Level 6.0 Conjurations
 * Level 8.3(8.8) Fire Magic


You had 14 spell levels left.
You knew the following spells:

 Your Spells              Type           Power      Damage    Failure   Level
a - Foxfire               Conj/Fire      100%       2x1d9     1%          1
b - Flame Wave            Conj/Fire      37%        2d10      4%          4

Your spell library contained the following spells:

 Spells                   Type           Power      Damage    Failure   Level
 Scorch                   Fire           86%        2d9       1%          2
 Conjure Flame            Conj/Fire      37%        6-21      1%          3
 Inner Flame              Hex/Fire       24%        N/A       4%          3
 Dazzling Flash           Conj/Hex       36%        N/A       9%          3
 Stone Arrow              Conj/Erth      36%        3d9       9%          3
 Sandblast                Erth           12%        2d6       10%         1
 Passwall                 Tmut/Erth      5%         N/A       14%         2
 Iskenderun's Mystic Bla  Conj/Tloc      18%        2d6       28%         4
 Gell's Gravitas          Tloc           6%         N/A       30%         3
 Lesser Beckoning         Tloc           6%         N/A       30%         3
 Teleport Other           Tloc           6%         N/A       30%         3
 Starburst                Conj/Fire      18%        6d7       58%         6
 Summon Forest            Summ/Tloc      3%         N/A       95%         5
 Eringya's Noxious Bog    Tmut/Pois      3%         N/A       100%        6
 Summon Hydra             Summ           3%         N/A       100%        7


Dungeon Overview and Level Annotations

Branches:
Dungeon (7/15)             Temple (1/1) D:6

Altars:
Ashenzari
Cheibriados
Dithmenos
Fedhas
Gozag
Hepliaklqana
Nemelex Xobeh
Qazlal
Ru
Trog
Uskayaw
Vehumet
Wu Jian
Xom
Yredelemnul

Shops:
D:1 :   D:4 (   D:6 ?

Annotations:
D:4 1 runed translucent door, Voland's ghost, amateur TeAE


Innate Abilities, Weirdness & Mutations

You have a pair of antennae on your head.
When seriously injured, your blood forms thick armour. (AC +9)


Message History

Your Conjurations skill increases to level 6!
A wight comes into view. It is wielding a +4 scimitar.
Fire: v) +12 sling of Purpose {flame, rElec Dex+3}
Press: ? - help, Q - select action, (/) - cycle Shift-Dir - straight line, f/p - wight
Aim: a wight, wielding a +5 scimitar and wearing a +0 robe (fast, strong, frenzied and insane, not watching you, 71% to hit)
You shoot a sling bullet.
The sling bullet barely misses the wight.
Fire: v) +12 sling of Purpose {flame, rElec Dex+3}
Press: ? - help, Q - select action, (/) - cycle Shift-Dir - straight line, f - wight, p - wight
Aim: a wight, wielding a +4 scimitar and wearing a +0 robe (71% to hit)
You shoot a sling bullet. The sling bullet hits the wight!
The sling bullet burns the wight.
The wight is almost destroyed.
The wight hits the wight with a +5 scimitar!!
The wight is destroyed!
Fire: v) +12 sling of Purpose {flame, rElec Dex+3}
Press: ? - help, Q - select action, (/) - cycle Shift-Dir - straight line, f - wight
Aim: a wight, wielding a +5 scimitar and wearing a +0 robe (fast, strong, frenzied and insane, 71% to hit)
You shoot a sling bullet. The sling bullet hits the wight.
The sling bullet burns the wight.
The wight is moderately damaged.
Fire: v) +12 sling of Purpose {flame, rElec Dex+3}
Press: ? - help, Q - select action, (/) - cycle Shift-Dir - straight line, f/p - wight
Aim: a wight, wielding a +5 scimitar and wearing a +0 robe (moderately damaged, fast, strong, frenzied and insane, 71% to hit)
You shoot a sling bullet.
The sling bullet barely misses the wight.
Casting: Foxfire (safe; 1% risk of failure)
Confirm with . or Enter, or press ? or * to list all spells.
You don't know that spell.
Casting: Foxfire (safe; 1% risk of failure)
Confirm with . or Enter, or press ? or * to list all spells.
Casting: Flame Wave (dangerous; 4% risk of failure)
Press: ? - help, Dir - look around, f - activate A wave of flame ripples out!
The flame wave engulfs the wight!
The wight is severely damaged. (Press . to intensify the flame waves.)
The wight hits you with a +5 scimitar!
* * * LOW HITPOINT WARNING * * *
The wight hits you with a +5 scimitar!!
You die...

...... ...)..#
#..<..########.
#..............
#...)..........
#.............#
#.....z).....♣♣
#......@....P~♣
#.......§§§♣♣~P
#.....###§~~~†P
#.....# §§~~♣~
#.....# ~~~~~
###### ##.....#
P♣~~~ .....#
#......# P~~~
....##
#......## ~~~P
....#
#.......♣♣


You could see a neutral wight (fast, strong, insane).

Vanquished Creatures
  Sigmund (D:4)
  Duvessa (D:7)
  An ice beast (D:6)
  2 black bears (D:6)
  2 centaurs
  An ogre (D:4)
  A kobold brigand (D:6)
  A bullfrog (D:6)
  A gnoll sergeant (D:7)
  A scorpion (D:4)
  2 necrophages
  A wight (D:7)
  Dowan (D:7)
  2 electric eels (D:7)
  An orc priest (D:4)
  5 hounds
  2 gnoll boudas
  3 jellies
  Jessica (D:2)
  4 iguanas
  3 orc wizards
  4 adders
  15 gnolls
  2 shadow imps (D:5)
  4 ufetubi
  2 adder zombies (D:5)
  3 worms
  A dart slug (D:1)
  17 orcs
  5 endoplasms
  2 giant cockroaches
  7 goblins
  3 hobgoblins
  8 jackals
  A quokka (D:4)
  8 ball pythons
  2 bats
  3 frilled lizards (D:1)
  8 kobolds
  4 rats
136 creatures vanquished.

Vanquished Creatures (collateral kills)
  3 wights (D:7)
  A gnoll (D:6)
  3 orcs
7 creatures vanquished.

Vanquished Creatures (others)
  An orc wizard (D:6)
  A bush (D:6)
  185 foxfires
  5 plants
192 creatures vanquished.

Grand Total: 335 creatures vanquished

Notes
Turn   | Place    | Note
-------+----------+-------------------------------------------
     0 | D:1      | Oxelix the Demonspawn Fire Elementalist began the quest for
                  | the Orb.
     0 | D:1      | Reached XP level 1. HP: 13/13 MP: 3/3
   100 | D:1      | Found Riobob's Vocational Training.
   449 | D:1      | Reached skill level 3 in Fire Magic
   449 | D:1      | Gained mutation: You have a pair of small antennae on your
                  | head. [demonic ancestry]
   449 | D:1      | Reached XP level 2. HP: 19/19 MP: 1/5
  1725 | D:2      | Reached XP level 3. HP: 24/24 MP: 0/6
  2001 | D:2      | Noticed Jessica
  2004 | D:2      | Killed Jessica
  2061 | D:2      | Reached XP level 4. HP: 30/30 MP: 1/7
  2142 | D:2      | Identified the +12 sling of Purpose {flame, rElec Dex+3}
  2879 | D:3      | Found a bloodstained altar of Trog.
  3007 | D:3      | Reached skill level 4 in Fire Magic
  3077 | D:3      | Gained mutation: When seriously injured, your blood forms
                  | armour. (AC +9) [demonic ancestry]
  3077 | D:3      | Reached XP level 5. HP: 35/35 MP: 9/9
  3451 | D:4      | Reached XP level 6. HP: 41/41 MP: 9/11
  3584 | D:4      | Found Esyts's Antique Weapon Shoppe.
  3624 | D:4      | Reached skill level 5 in Fire Magic
  3814 | D:4      | Noticed Sigmund
  3818 | D:4      | Killed Sigmund
  3819 | D:4      | Reached XP level 7. HP: 46/46 MP: 11/13
  3914 | D:4      | Noticed Voland's ghost (amateur TeAE)
  3922 | D:4      | Found a runed translucent door.
  4430 | D:5      | Entered Level 5 of the Dungeon
  4440 | D:5      | Reached skill level 6 in Fire Magic
  4444 | D:5      | Reached skill level 1 in Fighting
  4503 | D:5      | Identified the +8 whip "Xihubb" {drain, Str+3}
  4847 | D:5      | Gained mutation: When seriously injured, your blood forms
                  | thick armour. (AC +9) [demonic ancestry]
  4847 | D:5      | Reached XP level 8. HP: 39/56 MP: 14/14
  5189 | D:5      | Found a basalt altar of Yredelemnul.
  5367 | D:6      | Found Teottoam's Magic Scroll Shop.
  5378 | D:6      | Bought a scroll of enchant armour for 90 gold pieces
  5378 | D:6      | Bought a scroll of blinking for 90 gold pieces
  5443 | D:6      | Reached skill level 7 in Fire Magic
  5668 | D:6      | Reached skill level 5 in Spellcasting
  5668 | D:6      | Reached skill level 5 in Conjurations
  5903 | D:6      | Learned a level 4 spell: Flame Wave
  5922 | D:6      | Found a staircase to the Ecumenical Temple.
  5951 | Temple   | Entered the Ecumenical Temple
  5955 | Temple   | Became a worshipper of Ashenzari the Shackled
  6965 | D:7      | Noticed Dowan
  6968 | D:7      | Noticed Duvessa
  6974 | D:7      | Killed Dowan
  6975 | D:7      | Gained mutation: You have a pair of antennae on your head.
                  | [demonic ancestry]
  6975 | D:7      | Reached XP level 9. HP: 45/61 MP: 11/17
  6977 | D:7      | Reached skill level 8 in Fire Magic
  6979 | D:7      | Killed Duvessa
  7005 | D:7      | Slain by a wight

Illustrated notes

Levels and vault maps discovered:
D:1:      dpeg_arrival_round_a, layout_basic, eino_curves_04,
          nicolae_kite_square_tiling_tiny, nicolae_shop_vocational
D:2:      layout_basic, serial_bayou_lagoon_b, uniq_jessica
D:3:      layout_loops_ring, mainiacjoe_overflow_small_starburst
D:4:      nicolae_cairo_tiling, layout_basic, serial_shops, shop,
          hellmonk_ghost_happy_afterlife, minmay_misc_feat_square, uniq_sigmund
D:5:      layout_cave_pools, lemuel_zombie_altar_yredelemnul
D:6:      nicolae_BIG_FREAKIN_CUBE, layout_basic, minmay_temple_entry_overgrown,
          kb_lookout_dungeons_type, kennysheep_small_square
D:7:      layout_gridville, okawaru_altar_gauntlet_db, serial_bayou_lake_a,
          uniq_maggie, uniq_duvessa
Temple:   nicolae_temple_x_marks_the_god

Skill      XL: |  1  2  3  4  5  6  7  8  9 |
---------------+----------------------------+-----
Fire Magic     | 3 4 5 6 7 8 |  8.3
Conjurations   | 2 3 4 5 6 |  6.0
Spellcasting   | 3 4 5 |  5.8
Fighting       | 1 2 |  2.0
Dodging        | |  1.7
Stealth        | |  1.7

Action                   |  1- 3 |  4- 6 |  7- 9 || total
-------------------------+-------+-------+-------++-------
Melee: Mace              |    19 |    10 |       ||    29
       Sling             |       |       |     2 ||     2
 Fire: Sling             |       |    76 |   135 ||   211
 Cast: Foxfire           |    60 |    14 |    35 ||   109
       Flame Wave        |       |       |     2 ||     2
Invok: Curse Item        |       |       |     1 ||     1
  Use: Scroll            |       |     1 |       ||     1
Armor: Robe              |     6 |     6 |    16 ||    28
Dodge: Dodged            |    26 |    17 |    46 ||    89
